 Dungeon Crawl Stone Soup version 0.24.0-13-gcf9b319 (webtiles) character file.

Game seed: 13483919302214646092, levelgen mode: deterministic

399 Balder the Covered (level 7, -3/53 HPs)
             Began as a Human Fighter on Apr 23, 2020.
             Slain by Menkaure (20 damage)
             ... on level 4 of the Dungeon.
             The game lasted 00:10:55 (3239 turns).

Balder the Covered (Human Fighter)                  Turns: 3239, Time: 00:10:55

Health: -3/53      AC: 10    Str: 18    XL:     7   Next: 10%
Magic:  7/7        EV: 13    Int:  8    God:
Gold:   171        SH: 15    Dex: 18    Spells: 6/6 levels left

rFire    . . .     SeeInvis .   a - +0 flail
rCold    . . .     Gourm    .   c - +0 shield
rNeg     . . .     Faith    .   b - +0 scale mail
rPois    .         Spirit   .   y - +0 helmet (curse)
rElec    .         Reflect  +   d - scarf {cloud immunity}
rCorr    .         Harm     .   g - +0 pair of gloves
MR       .....                  u - +0 pair of boots
Stlth    ++........             j - +5 amulet of reflection
HPRegen  0.17/turn              (no ring)
MPRegen  0.10/turn              (no ring)

@: agile
A: no striking features
a: no special abilities


You were on level 4 of the Dungeon.
You were not hungry.

You visited 1 branch of the dungeon, and saw 4 of its levels.

You collected 171 gold pieces.

Inventory:

Hand Weapons
 a - a +0 flail (weapon)
 x - a +0 rapier of venom
Missiles
 k - 8 atropa-tipped darts
 m - 3 poisoned darts
 o - 9 boomerangs (quivered)
Armour
 b - a +0 scale mail (worn)
 c - a +0 shield (worn)
 d - a scarf of cloud immunity (worn)
 g - a +0 pair of gloves (worn)
 u - a +0 pair of boots (worn)
 y - a cursed +0 helmet (worn)
Jewellery
 j - a +5 amulet of reflection (around neck)
Scrolls
 e - 4 scrolls of enchant weapon
 h - 4 scrolls of identify
 i - 4 scrolls of remove curse
 p - a scroll of fear {unknown}
 q - a scroll of enchant armour {unknown}
 r - a scroll of immolation {unknown}
 v - a scroll of teleportation {unknown}
 w - a scroll of amnesia {unknown}
Potions
 l - a potion of cancellation {unknown}
 n - a potion of agility
 s - 2 potions of heal wounds {unknown}
 t - a potion of berserk rage {unknown}
Comestibles
 f - 5 rations


   Skills:
 * Level 3.7 Fighting
 * Level 0.8 Short Blades
 * Level 3.5 Maces & Flails
 * Level 1.5 Throwing
 * Level 4.2 Armour
 * Level 1.6 Dodging
 * Level 2.1 Stealth
 * Level 4.1 Shields


You had 6 spell levels left.
You didn't know any spells.
Your spell library was empty.

Dungeon Overview and Level Annotations

Branches:
Dungeon (4/15)
 Temple: D:4-7

Altars:

Annotations:
D:4 Menkaure


Message History

You have reached level 7!
You start resting.
You are feeling very hungry.
You eat one of the 6 rations.
That ration really hit the spot!
You start resting.
HP restored.
Found a stone staircase leading up.
You now have 171 gold pieces (gained 10).
Menkaure, Prince of Dust comes into view.
Menkaure calls on the powers of darkness!
Your body is wracked with pain!
You feel agile all of a sudden.
Menkaure mumbles some strange words.
Menkaure seems to speed up.
Menkaure hits you!
You hit Menkaure but do no damage. You block Menkaure's attack.
Your shield and scale mail prevent you from hitting Menkaure.
Menkaure blazes with dark energy!
Menkaure hits you!!
You die...

#.# #.# #.# #.#
#.# #.#
###############.#
#.............#.#
#@###########.#.#
#M# #.#.# #.#
#.#.# #.# #.#.#
#.# #.#.# #.#
#.#.# #.# #.#.#
#.# #.#.# #.#
#.#.#


You could see Menkaure.

Vanquished Creatures
  Grinder (D:4)
  A centaur skeleton (D:3)
  Jessica (D:2)
  Natasha (thrice) (D:2)
  2 adders
  An ooze (D:1)
  A dart slug (D:1)
  A leopard gecko (D:4)
  5 bats
  3 giant cockroaches
  2 goblins
  3 hobgoblins
  8 jackals
  2 kobolds (D:1)
  2 quokkas
  4 frilled lizards
  7 rats
47 creatures vanquished.

Notes
Turn   | Place    | Note
-------+----------+-------------------------------------------
     0 | D:1      | Balder the Human Fighter began the quest for the Orb.
     0 | D:1      | Reached XP level 1. HP: 18/18 MP: 1/1
   218 | D:1      | Reached XP level 2. HP: 24/24 MP: 2/2
   425 | D:1      | Reached XP level 3. HP: 27/29 MP: 3/3
   813 | D:2      | Noticed Jessica
   824 | D:2      | Killed Jessica
   824 | D:2      | Reached skill level 1 in Stealth
   824 | D:2      | Reached XP level 4. HP: 35/35 MP: 4/4
  1041 | D:2      | Noticed Natasha
  1084 | D:2      | Killed Natasha
  1538 | D:2      | Noticed Natasha
  1547 | D:2      | Killed Natasha
  1547 | D:2      | Reached skill level 1 in Dodging
  1547 | D:2      | Reached XP level 5. HP: 23/41 MP: 5/5
  1958 | D:2      | Noticed Natasha
  1964 | D:2      | Killed Natasha
  1964 | D:2      | Reached skill level 1 in Throwing
  2708 | D:3      | Reached XP level 6. HP: 47/47 MP: 6/6
  2965 | D:4      | Noticed Grinder
  2979 | D:4      | Killed Grinder
  2979 | D:4      | Reached XP level 7. HP: 20/53 MP: 7/7
  3225 | D:4      | Noticed Menkaure
  3239 | D:4      | Slain by Menkaure

Levels and vault maps discovered:
D:1:      dpeg_arrival_windows_large_door, layout_basic
D:2:      layout_loops_corners, corexii_item_surrounded_by_moat,
          hangedman_decor_diamond_cutter, uniq_natasha, uniq_jessica
D:3:      layout_basic, minivault_5
D:4:      layout_basic, zin_angel, first_ration, uniq_menkaure, uniq_grinder

Skill      XL: |  1  2  3  4  5  6 |
---------------+-------------------+-----
Stealth        | 1 2 |  2.1
Dodging        | 1 |  1.6
Maces & Flails | 3 |  3.5
Throwing       | 1 |  1.5
Armour         | 4 |  4.2
Shields        | 4 |  4.1
Fighting       | |  3.7
Short Blades   | |  0.8

Action                   |  1- 3 |  4- 6 |  7- 9 || total
-------------------------+-------+-------+-------++-------
Melee: Flail             |    79 |   132 |     2 ||   213
       Rapier            |       |     6 |       ||     6
Throw: Boomerang         |     7 |    18 |       ||    25
  Use: Potion            |     1 |       |     1 ||     2
       Scroll            |       |     5 |       ||     5
  Eat: Chunk             |       |     3 |       ||     3
       Ration            |       |     1 |     1 ||     2
Armor: Scale mail        |    27 |    62 |       ||    89
Dodge: Dodged            |    30 |    34 |       ||    64
Block: Shield            |    50 |    68 |     1 ||   119
